 Dungeon Crawl Stone Soup version 0.27-a0-906-g0a00ce863d (webtiles) character file.

Game seed: 11402014200868319799

875 mhtbhm the Cudgeller (level 8, -6/49 HPs)
             Began as a Gargoyle Berserker on Apr 6, 2021.
             Was a Priest of Trog.
             Killed by an exploding orc wizard (12 damage)
             ... ignited by their inner flame
             ... on level 6 of the Dungeon.
             The game lasted 00:06:38 (6370 turns).

mhtbhm the Cudgeller (Gargoyle Berserker)           Turns: 6370, Time: 00:06:39

Health: -6/49      AC: 14    Str: 20 (22) XL:     8   Next: 4%
Magic:  8/8        EV: 12    Int:  6 (9)  God:    Trog [***...]
Gold:   185        SH:  0    Dex:  7 (9)  Spells: 7/7 levels left

rFire    + . .     SeeInvis .   a - +0 flail
rCold    . . .     Faith    .   (no shield)
rNeg     + . .     Spirit   .   b - +3 leather armour {rF+}
rPois    ∞         Reflect  .   (no helmet)
rElec    +         Harm     .   (no cloak)
rCorr    .         Rampage  .   s - +0 pair of gloves
Will     .....                  q - +0 pair of boots
Stlth    ..........             (no amulet)
HPRegen  0.16/turn              (no ring)
MPRegen  0.11/turn              (no ring)

@: confused, attractive, very slightly contaminated
A: AC +5, negative energy resistance 1, electricity resistance, torment
resistance 1, unbreathing 1, petrification resistance
a: Renounce Religion, Berserk, Trog's Hand


You were on level 6 of the Dungeon.
You worshipped Trog.
Trog was most pleased with you.
You visited 1 branch of the dungeon, and saw 6 of its levels.

You collected 185 gold pieces.

Inventory:

Hand Weapons
 a - a +0 flail (weapon)
Armour
 b - a +3 leather armour of fire resistance (worn)
 q - a +0 pair of boots (worn)
 s - a +0 pair of gloves (worn)
Wands
 l - a wand of random effects (21)
 m - a wand of polymorph (1)
Scrolls
 c - a scroll of noise
 d - a scroll of immolation
 f - 3 scrolls of identify
 g - a scroll of enchant armour {unknown}
 h - a scroll of blinking
 o - a scroll of amnesia {unknown}
 w - a scroll of silence {unknown}
Potions
 i - a potion of brilliance
 r - a potion of flight


   Skills:
 + Level 5.3 Fighting
 + Level 6.6 Maces & Flails
 + Level 3.7 Armour
 + Level 3.9 Dodging


You had 7 spell levels left.
You didn't know any spells.
Your spell library was empty.

Dungeon Overview and Level Annotations

Branches:
Dungeon (6/15)
 Temple: D:4-7

Altars:
The Shining One

Shops:
D:1 *


Innate Abilities, Weirdness & Mutations

Your stone body is resilient. (AC +5)
You are immune to poison.
You resist negative energy. (rN+)
You are resistant to electric shocks. (rElec)
You are resistant to unholy torment.
You can survive without breathing.
You are immune to petrification.


Message History

Aim: a hound (heavily wounded, inner flame, 41% to hit)
You throw a boomerang of dispersal.
The boomerang of dispersal hits the hound.
Flame seeps out of the hound.
The hound blinks!
The hound is severely wounded.
The orc wizard points at you and mumbles some strange words.
You resist with some effort.
The orc wizard hits you but does no damage. x2
The orc wizard casts a spell at you. You resist with some effort.
The orc wizard hits you but does no damage.
The orc wizard is pulled toward you! The hound is pulled toward you!
Unknown command.
Okay, then.
Blink to where?
Press: ? - help, Dir - move target, p - hound
As you read the scroll labelled YCUNAEWKIL, it crumbles to dust.
It was a scroll of blinking.
The orc wizard is engulfed in blazing flames.
Flame seeps out of the orc wizard.
The orc wizard is pulled toward you! x3
The hound is pulled toward you! The orc wizard is pulled toward you!
You hit the orc wizard.
Flame seeps out of the orc wizard.
The orc wizard is heavily wounded.
The orc wizard is engulfed in blazing flames.
Flame seeps out of the orc wizard.
The orc wizard gestures at you while chanting.
You are confused.
Unknown command.
You miss the orc wizard.
The orc wizard is engulfed in blazing flames.
Trog accepts your kill.
Trog appreciates your killing of a magic user.
The orc wizard explodes!
The fiery explosion engulfs the hound!!
Trog accepts your kill.
The fiery explosion engulfs the orc wizard!!
Trog accepts your kill.
Trog appreciates your killing of a magic user.
The fiery explosion engulfs you! You resist.
You die...

. ... ###...
#......
##...###.
###....#
##§@§.#
##.§○§.# . .
#..§o§.###.#
##.o......#.#
##.........###
#.............
#.............
#...§(........
##............


You could see 2 orc wizards.

Vanquished Creatures
  Sigmund (D:4)
  Duvessa (D:4)
  Dowan (D:4)
  A gnoll sergeant (D:5)
  A water moccasin zombie (D:3)
  2 hounds
  3 gnoll shamans
  Ijyb (D:3)
  2 orc wizards (D:6)
  3 hound skeletons
  15 gnolls
  3 adders
  An adder skeleton (D:3)
  2 worms
  A dart slug (D:2)
  6 orcs (D:4)
  4 endoplasms
  4 giant cockroaches
  9 goblins
  4 hobgoblins (D:1)
  7 jackals
  7 kobolds
  4 quokkas
  6 ball pythons
  A ball python zombie (D:3)
  5 bats
  2 frilled lizards
  A giant cockroach zombie (D:3)
  A jackal zombie (D:3)
  3 rats
102 creatures vanquished.

Vanquished Creatures (others)
  A withered plant (D:3)
1 creature vanquished.

Grand Total: 103 creatures vanquished

Notes
Turn   | Place    | Note
-------+----------+-------------------------------------------
     0 | D:1      | mhtbhm the Gargoyle Berserker began the quest for the Orb.
     0 | D:1      | Reached XP level 1. HP: 14/14 MP: 1/1
   298 | D:1      | Reached XP level 2. HP: 6/19 MP: 2/2
   833 | D:1      | Found Ibiettu's Assorted Antiques.
   863 | D:1      | Reached XP level 3. HP: 23/23 MP: 3/3
   990 | D:1      | Found a glowing golden altar of the Shining One.
  1176 | D:2      | Found a faded altar of an unknown god.
  1340 | D:2      | Reached ** piety under Trog
  1656 | D:2      | Reached XP level 4. HP: 19/29 MP: 4/4
  1662 | D:2      | Reached skill level 4 in Maces & Flails
  2557 | D:3      | Reached XP level 5. HP: 23/33 MP: 5/5
  3308 | D:3      | Noticed Ijyb
  3317 | D:3      | Killed Ijyb
  3334 | D:3      | Reached XP level 6. HP: 28/38 MP: 6/6
  3739 | D:4      | Reached skill level 5 in Maces & Flails
  5185 | D:4      | Reached *** piety under Trog
  5195 | D:4      | Reached XP level 7. HP: 16/44 MP: 7/7
  5554 | D:4      | Noticed Dowan
  5555 | D:4      | Noticed Duvessa
  5573 | D:4      | Killed Duvessa
  5577 | D:4      | Killed Dowan
  5578 | D:4      | Reached skill level 6 in Maces & Flails
  5661 | D:4      | Noticed Sigmund
  5683 | D:4      | Killed Sigmund
  5684 | D:4      | Reached skill level 5 in Fighting
  6257 | D:5      | Entered Level 5 of the Dungeon
  6303 | D:5      | Reached XP level 8. HP: 44/49 MP: 8/8
  6312 | D:6      | HP: 2/49 [gnoll/+0 halberd (4)]
  6370 | D:6      | Killed by an exploding orc wizard... ignited by their inner
                  | flame

Illustrated notes

Levels and vault maps discovered:
D:1:      dpeg_arrival_long_road, layout_rooms, serial_shops,
          nicolae_shop_overgrown_old_shop, kennysheep_flooded_box,
          grunt_decor_junction, interstate_on_off, columned_hall_lemuel
D:2:      layout_loops_corners, ebering_ecumenical_altar_hall,
          minmay_stone_trees_small, minmay_circled_x
D:3:      kennysheep_the_goblin_king, layout_loops_ring, serial_undead,
          serial_undead_c, serial_undead_d, serial_undead_e, serial_undead_b
D:4:      layout_loops_ring, minmay_misc_feat_cross, uniq_sigmund, uniq_duvessa
D:5:      layout_cave_pools, minmay_fractal_squares_gapless_5
D:6:      layout_cave_pods, grunt_temple_overflow_open,
          gammafunk_ghost_necromancy, minmay_a_box_with_orc_wizards_in_it

Skill      XL: |  1  2  3  4  5  6  7 |
---------------+----------------------+-----
Dodging        | 2 3 |  3.9
Maces & Flails | 4 5 6 |  6.6
Fighting       | 4 5 |  5.3
Armour         | 3 |  3.7

Action                   |  1- 3 |  4- 6 |  7- 9 || total
-------------------------+-------+-------+-------++-------
Melee: Mace              |    88 |     9 |       ||    97
       Flail             |       |   221 |    67 ||   288
       Unarmed           |       |     3 |       ||     3
Throw: Boomerang         |       |       |     4 ||     4
       Throwing net      |       |       |     1 ||     1
Invok: Berserk           |     4 |     7 |     3 ||    14
Evoke: Wand              |       |       |     2 ||     2
  Use: Potion            |       |     2 |     7 ||     9
       Scroll            |       |       |     5 ||     5
 Stab: Sleeping          |     1 |       |       ||     1
       Confused          |       |     1 |       ||     1
       Invisible         |       |       |     1 ||     1
Armor: Animal skin       |    44 |    78 |       ||   122
       Skin              |       |     8 |       ||     8
       Leather armour    |       |    29 |    52 ||    81
Dodge: Dodged            |    62 |   178 |    66 ||   306

Table legend: (Time is in decaauts)
 A = Elapsed time spent in this place.
 B = Non-inter-level travel time spent in this place.
 C = Inter-level travel time spent in this place.
 D = Time resting spent in this place.
 E = Time spent auto-exploring this place.
 F = Levels seen in this place.
 G = Mean time per level.
                   A        B        C        D        E       F      G
               +--------+--------+--------+--------+--------+-----+--------+
         Total |   6539 |   6494 |     45 |   2669 |   2765 |   6 | 1089.8 |
       Dungeon |   6539 |   6494 |     45 |   2669 |   2765 |   6 | 1089.8 |
               +--------+--------+--------+--------+--------+-----+--------+

Top non-repeatable levels by time:
     D:4: 2146 daAuts
     D:3: 1665 daAuts
     D:2: 1404 daAuts
     D:1: 1208 daAuts
     D:6: 71 daAuts
     D:5: 42 daAuts
